 Dungeon Crawl Stone Soup version 0.26-a0-651-gb41185065b (webtiles) character file.

Game seed: 17034634898653701671

(classic levelgen) 10217 EnegeticOcto the Cleaver (level 11, -1/100 HPs)
             Began as a Deep Dwarf Fighter on Oct 9, 2020.
             Was an Elder of Makhleb.
             Slain by a 16-headed hydra (10 damage)
             ... on level 11 of the Dungeon.
             The game lasted 00:04:48 (6966 turns).

EnegeticOcto the Cleaver (Deep Dwarf Fighter)       Turns: 6966, Time: 00:04:48

Health: -1/100     AC: 21    Str: 21    XL:     11   Next: 33%
Magic:  19/19 (9)  EV:  7    Int: 14    God:    Makhleb [****..]
Gold:   397        SH: 16    Dex: 13    Spells: 10/10 levels left

rFire    . . .     SeeInvis .   a - +1 broad axe
rCold    . . .     Faith    .   c - +0 kite shield
rNeg     + . .     Spirit   .   u - +0 chain mail
rPois    +         Reflect  +   x - +3 hat of Pondering {ponderous, MR+ MP+10 Int+5}
rElec    .         Harm     .   r - +2 ratskin cloak {*Rats rPois rN+ Str-1 Int-1 Dex+1}
rCorr    .         Rampage  .   n - +2 pair of gloves
MR       ++...     Rnd*Tele +   (no boots)
Stlth    ..........             g - amulet of reflection
HPRegen  0.00/turn              (no ring)
MPRegen  0.16/turn              E - ring of teleportation

@: non-regenerating, slow
A: damage resistance, heal wounds, sense surroundings 2, no regeneration
a: Heal Wounds, Minor Destruction, Lesser Servant of Makhleb, Major Destruction,
Renounce Religion


You were on level 11 of the Dungeon.
You worshipped Makhleb.
Makhleb was greatly pleased with you.
You visited 2 branches of the dungeon, and saw 12 of its levels.

You collected 569 gold pieces.
You spent 172 gold pieces at shops.

Inventory:

Hand Weapons
 a - a +1 broad axe (weapon)
Missiles
 A - 3 throwing nets (quivered)
Armour
 c - a +0 kite shield (worn)
 n - a +2 pair of gloves (worn)
 r - the +2 ratskin cloak (worn) {*Rats rPois rN+ Str-1 Int-1 Dex+1}
   (You found it on level 6 of the Dungeon)

   It affects your strength (-1).
   It affects your intelligence (-1).
   It affects your dexterity (+1).
   It protects you from poison.
   It protects you from negative energy.
 u - a +0 chain mail (worn)
 x - the +3 hat of Pondering (worn) {ponderous, MR+ MP+10 Int+5}
   (You took it off Gastronok on level 8 of the Dungeon)

   It affects your intelligence (+5).
   It affects your resistance to hostile enchantments.
   It affects your magic capacity (+10).
Jewellery
 g - an amulet of reflection (around neck)
 E - a ring of teleportation (right hand)
Wands
 v - a wand of acid (7) {@v1}
 y - a wand of polymorph (7)
 z - a wand of paralysis (5)
 C - a wand of enslavement (8)
Scrolls
 b - 4 scrolls of identify {@r1}
 f - a scroll of noise {unknown}
 h - 3 scrolls of enchant armour
 i - 5 scrolls of teleportation {@r3}
 j - 2 scrolls of magic mapping {@r5}
 l - 3 scrolls of fear
 p - 7 scrolls of remove curse {@r2}
Potions
 d - a potion of might {@q3}
 e - 4 potions of mutation
 k - 5 potions of heal wounds {@q2}
 m - a potion of lignification {@q7}
 o - 3 potions of flight
 q - a potion of berserk rage
 t - a potion of resistance {@q6}
 w - 5 potions of curing {@q1}
 B - a potion of cancellation {unknown}
 D - a potion of stabbing {unknown}
 F - a potion of brilliance {unknown}


   Skills:
 + Level 7.4 Fighting
 * Level 11.7 Axes
 + Level 9.0 Armour
 + Level 8.8 Shields
 + Level 8.1 Invocations


You had 10 spell levels left.
You didn't know any spells.
Your spell library was empty.

Dungeon Overview and Level Annotations

Branches:
Dungeon (11/15)            Temple (1/1) D:5            Lair (0/6) D:10
    Orc: D:9-12

Altars:
Ashenzari
Cheibriados
Dithmenos
Fedhas
Hepliaklqana
Kikubaaqudgha
Makhleb
Nemelex Xobeh
Okawaru
Qazlal
Ru
Sif Muna
Trog
Uskayaw
Wu Jian
Xom
Yredelemnul
Zin
The Shining One

Shops:
D:7 (   D:8 [

Annotations:
D:8 1 runed translucent door, Fastnbulbous's ghost, novice DsWn


Innate Abilities, Weirdness & Mutations

You are resistant to damage.
You can heal yourself by infusing magical energy.
You passively map the area around you.
You do not regenerate.


Message History

The nine-headed hydra bites you.
The nine-headed hydra bites you but does no damage.
You slice one of the nine-headed hydra's heads off!
The eight-headed hydra grows two more!
You slash the ten-headed hydra!
The ten-headed hydra is moderately wounded.
The ten-headed hydra bites you but does no damage. x2
You block the ten-headed hydra's attack.
The ten-headed hydra bites you but does no damage.
You block the ten-headed hydra's attack.
The ten-headed hydra barely misses you.
The ten-headed hydra bites you but does no damage.
You block the ten-headed hydra's attack.
The ten-headed hydra bites you but does no damage. x2
You hack one of the ten-headed hydra's heads off!
The nine-headed hydra grows two more!
You slash the 11-headed hydra!
The 11-headed hydra is moderately wounded.
The 11-headed hydra bites you. x2; The 11-headed hydra barely misses you.
The 11-headed hydra bites you. You block the 11-headed hydra's attack.
The 11-headed hydra bites you but does no damage.
You block the 11-headed hydra's attack.
The 11-headed hydra bites you but does no damage.
The 11-headed hydra closely misses you.
The 11-headed hydra bites you but does no damage. x2
A troll comes into view.
The troll shouts!
You hack one of the 11-headed hydra's heads off!
The ten-headed hydra grows two more!
You hit the 12-headed hydra.
The 12-headed hydra is lightly wounded.
You hear an angry buzzing noise.
You block the 12-headed hydra's attack. x2
The 12-headed hydra bites you but does no damage. x2
You block the 12-headed hydra's attack. x2; The 12-headed hydra bites you.
The 12-headed hydra closely misses you.
The 12-headed hydra bites you but does no damage.
The 12-headed hydra bites you. The 12-headed hydra closely misses you.
The 12-headed hydra bites you but does no damage.
You chop one of the 12-headed hydra's heads off!
The 11-headed hydra grows two more!
You slash the 13-headed hydra!
The 13-headed hydra is lightly wounded.
The troll changes into a shapeshifter!
The 13-headed hydra bites you but does no damage.
The 13-headed hydra bites you. You block the 13-headed hydra's attack.
The 13-headed hydra bites you but does no damage.
The 13-headed hydra barely misses you. You block the 13-headed hydra's attack.
The 13-headed hydra bites you but does no damage. x4
The 13-headed hydra bites you.
You block the 13-headed hydra's attack. x2
You chop one of the 13-headed hydra's heads off!
The 12-headed hydra grows two more!
You slash the 14-headed hydra!
The 14-headed hydra is lightly wounded.
The shapeshifter changes into a wind drake!
The 14-headed hydra bites you but does no damage. x3
You block the 14-headed hydra's attack.
The 14-headed hydra bites you but does no damage.
You block the 14-headed hydra's attack.
The 14-headed hydra bites you but does no damage.
You block the 14-headed hydra's attack.
The 14-headed hydra bites you but does no damage.
The 14-headed hydra barely misses you. The 14-headed hydra bites you!
The 14-headed hydra bites you but does no damage.
You block the 14-headed hydra's attack. The 14-headed hydra barely misses you.
A vampire mosquito comes into view.
The vampire mosquito buzzes angrily.
You hack one of the 14-headed hydra's heads off!
The 13-headed hydra grows two more!
You slash the 15-headed hydra!
The 15-headed hydra is lightly wounded.
The 15-headed hydra bites you!
The 15-headed hydra barely misses you. x2
The 15-headed hydra bites you but does no damage.
You block the 15-headed hydra's attack. The 15-headed hydra bites you. x2
You block the 15-headed hydra's attack.
The 15-headed hydra barely misses you. x3
The 15-headed hydra bites you but does no damage.
The 15-headed hydra bites you!
The 15-headed hydra bites you but does no damage. x2
You hack one of the 15-headed hydra's heads off!
The 14-headed hydra grows two more!
You slash the 16-headed hydra!
The 16-headed hydra is lightly wounded.
You block the 16-headed hydra's attack. The 16-headed hydra closely misses you.
You block the 16-headed hydra's attack. x2
The 16-headed hydra bites you but does no damage.
The 16-headed hydra bites you!
The 16-headed hydra bites you but does no damage. x2
You block the 16-headed hydra's attack.
The 16-headed hydra completely misses you.
The 16-headed hydra bites you but does no damage. x2
The 16-headed hydra barely misses you.
The 16-headed hydra bites you but does no damage.
The 16-headed hydra barely misses you.
The 16-headed hydra bites you but does no damage.
You block the 16-headed hydra's attack. The 16-headed hydra bites you.
The 16-headed hydra completely misses you.
You block the 16-headed hydra's attack. The 16-headed hydra bites you.
The 16-headed hydra bites you!
* * * LOW HITPOINT WARNING * * *
The 16-headed hydra bites you but does no damage. x2
The 16-headed hydra bites you. The 16-headed hydra bites you!
* * * LOW HITPOINT WARNING * * *
The 16-headed hydra bites you but does no damage. x2
The 16-headed hydra bites you!
* * * LOW HITPOINT WARNING * * *
The 16-headed hydra bites you!
You die...

** ########### ##.##.#
* * #####.## * , * *
##......# * , **,
####.....#.. * ,*
##.#........# ,
##.#........## , , ##.
* #.###.......# ,, ,,
...k.#######.#.#....#.#
**#.oD@......#.......#
, ,* *
#####.####.#.......# ,
#.###.#........## , ,
#.#..###.......## * , *
#.#.#.#........## , *
#.#.##.#.......## ,
#......#.......## , * *
###....#######... * ,*,
,* ####.......#.##


You could see a 16-headed hydra, a wind drake shaped shifter and an orc warrior.

Vanquished Creatures
  Gastronok (D:8)
  Harold (D:9)
  Erica (D:10)
  2 two-headed ogres (D:10)
  A manticore (D:7)
  Maggie (D:8)
  2 trolls
  A hippogriff (D:9)
  A wraith (D:6)
  6 yaks (D:11)
  A wyvern (D:8)
  An orc warrior (D:8)
  A black bear (D:5)
  A necrophage (D:10)
  2 phantoms (D:4)
  5 sky beasts
  An ogre (D:7)
  4 centaurs
  4 big kobolds
  A wyvern zombie (D:10)
  7 bullfrogs
  5 killer bees (D:9)
  4 scorpions
  3 wights (D:6)
  A centaur zombie (D:7)
  A bullfrog zombie (D:6)
  2 hounds
  2 bullfrog skeletons
  9 orc priests
  A centaur skeleton (D:10)
  3 iguanas
  9 orc wizards
  4 worker ants
  3 hell rats (D:6)
  2 hound zombies
  A worker ant zombie (D:5)
  4 gnolls (D:5)
  12 adders
  4 river rats (D:6)
  6 white imps
  An ufetubus (D:5)
  2 oozes
  An adder zombie (D:8)
  An adder skeleton (D:9)
  A worm (D:4)
  2 dart slugs
  3 leopard geckos
  33 orcs
  3 giant cockroaches
  A goblin (D:3)
  3 hobgoblins
  6 jackals
  26 kobolds
  2 quokkas
  A ball python (D:3)
  A ball python skeleton (D:5)
  6 frilled lizards
  A quokka skeleton (D:4)
  15 rats
230 creatures vanquished.

Vanquished Creatures (collateral kills)
  An adder (D:7)
1 creature vanquished.

Vanquished Creatures (others)
  A kobold (D:9)
1 creature vanquished.

Grand Total: 232 creatures vanquished

Notes
Turn   | Place    | Note
-------+----------+-------------------------------------------
     0 | D:1      | EnegeticOcto the Deep Dwarf Fighter began the quest for the
                  | Orb.
     0 | D:1      | Reached XP level 1. HP: 20/20 MP: 1/1
   122 | D:3      | Reached XP level 2. HP: 21/27 MP: 2/2
   293 | D:3      | Reached skill level 3 in Axes
   294 | D:3      | Reached XP level 3. HP: 16/33 MP: 3/3
   417 | D:4      | HP: 1/34 [something (3)]
   419 | D:4      | Reached XP level 4. HP: 34/42 MP: 3/3
   472 | D:4      | Reached skill level 4 in Axes
   472 | D:4      | Reached XP level 5. HP: 33/49 MP: 4/4
   581 | D:4      | Reached XP level 6. HP: 23/56 MP: 3/3
   714 | D:4      | Reached skill level 5 in Axes
   971 | D:4      | You fall into a shaft and drop 3 floors!
  1046 | D:6      | Noticed a sky beast
  1061 | D:6      | Killed a sky beast
  1061 | D:6      | Reached XP level 7. HP: 30/64 MP: 3/3
  1206 | D:6      | Reached skill level 5 in Armour
  1206 | D:6      | Reached skill level 5 in Shields
  1222 | D:5      | Entered Level 5 of the Dungeon
  1306 | D:4      | Reached skill level 6 in Axes
  1854 | D:5      | Reached XP level 8. HP: 64/73 MP: 3/3
  1990 | D:5      | Found a staircase to the Ecumenical Temple.
  2062 | Temple   | Entered the Ecumenical Temple
  2143 | Temple   | Became a worshipper of Makhleb the Destroyer
  2253 | D:5      | Found a blossoming altar of Fedhas.
  2360 | D:6      | Reached skill level 7 in Axes
  2396 | D:6      | Reached skill level 1 in Invocations
  2750 | D:6      | Reached skill level 5 in Fighting
  2850 | D:6      | Found a glowing silver altar of Zin.
  3001 | D:6      | Reached * piety under Makhleb
  3003 | D:6      | Reached skill level 8 in Axes
  3190 | D:6      | Found the +2 ratskin cloak {*Rats rPois rN+ Str-1 Int-1
                  | Dex+1}
  3321 | D:7      | Gained mutation: You passively map the area around you.
                  | [Deep Dwarf growth]
  3321 | D:7      | Reached XP level 9. HP: 65/81 MP: 4/4
  3326 | D:7      | Found Amyolal's Weapon Shoppe.
  3397 | D:7      | Noticed a manticore
  3412 | D:7      | Killed a manticore
  3625 | D:7      | Reached ** piety under Makhleb
  3952 | D:8      | Found Qatzac's Antique Armour Shop.
  3965 | D:8      | Bought a pair of runed gloves for 172 gold pieces
  3970 | D:8      | Found a runed translucent door.
  3971 | D:8      | Noticed Fastnbulbous's ghost (novice DsWn)
  3972 | D:8      | Noticed a cyclops
  4009 | D:8      | Reached skill level 9 in Axes
  4205 | D:8      | Noticed Gastronok
  4229 | D:8      | Killed Gastronok
  4229 | D:8      | Reached skill level 10 in Axes
  4229 | D:8      | Reached skill level 5 in Invocations
  4229 | D:8      | Reached XP level 10. HP: 80/91 MP: 4/6
  4385 | D:8      | Noticed Maggie
  4400 | D:8      | Killed Maggie
  4554 | D:9      | Reached *** piety under Makhleb
  4654 | D:9      | Noticed Harold
  4680 | D:9      | Killed Harold
  5621 | D:10     | Entered Level 10 of the Dungeon
  5654 | D:10     | Reached skill level 11 in Axes
  5773 | D:10     | Noticed a two-headed ogre
  5790 | D:10     | Killed a two-headed ogre
  5883 | D:10     | Reached **** piety under Makhleb
  5883 | D:10     | Reached XP level 11. HP: 82/100 MP: 8/8
  5943 | D:10     | Noticed a two-headed ogre
  5952 | D:10     | Killed a two-headed ogre
  6014 | D:10     | Found a staircase to the Lair.
  6353 | D:10     | Noticed Erica
  6363 | D:10     | Killed Erica
  6953 | D:11     | Noticed a six-headed hydra
  6966 | D:11     | Slain by a 16-headed hydra

Illustrated notes

Levels and vault maps discovered:
D:1:      dpeg_arrival_lava_temple_mockup, layout_rooms
D:2:      minmay_inner_zag, layout_loops_corners, serial_undead,
          serial_undead_f, serial_undead_d, serial_undead_f, serial_undead_b,
          serial_undead_f, serial_undead_f, uniq_terence
D:3:      layout_basic
D:4:      kennysheep_spiral_hall, layout_loops_ring
D:5:      layout_loops_cross, minmay_temple_entry_enclosed_plants,
          fedhas_altar_4
D:6:      wander_guarded_unrand_ratskin, layout_loops_corners,
          overflow_temple_1_default
D:7:      layout_gridville, serial_shops, nicolae_shop_waterfront
D:8:      layout_cave_pools, ebering_ghost_inner_flame, serial_shops, shop,
          uniq_maggie, uniq_gastronok
D:9:      layout_stronghold, chequers_serial_rivers_room_a, uniq_harold
D:10:     layout_basic, lair_entry_dummy, minmay_diced_spiral, uniq_erica
D:11:     minmay_tile_spiral, layout_loops_cross, minivault_10
Temple:   regret_index_temple_sigil_plot

Skill      XL: |  1  2  3  4  5  6  7  8  9 10 11 |
---------------+----------------------------------+-----
Axes           | 3 4 5 6 8 10 11 | 11.7
Fighting       | 3 4 5 6 7 |  7.4
Armour         | 4 5 6 7 8 9 |  9.0
Shields        | 4 5 6 7 8 |  8.8
Invocations    | 3 5 7 8 |  8.1

Action                   |  1- 3 |  4- 6 |  7- 9 | 10-12 || total
-------------------------+-------+-------+-------+-------++-------
Melee: War axe           |    67 |   134 |   376 |       ||   577
       Broad axe         |       |       |    97 |   278 ||   375
 Abil: Heal Wounds       |     3 |     7 |    14 |       ||    24
  Use: Scroll            |       |       |    14 |     6 ||    20
 Stab: Distracted        |       |       |     1 |       ||     1
Armor: Scale mail        |    44 |    52 |   112 |       ||   208
       Chain mail        |       |       |    60 |   193 ||   253
Dodge: Dodged            |    31 |    31 |   100 |    76 ||   238
Block: Kite shield       |    48 |    50 |   348 |   309 ||   755
       Reflection        |       |       |    16 |    13 ||    29

Table legend: (Time is in decaauts)
 A = Elapsed time spent in this place.
 B = Non-inter-level travel time spent in this place.
 C = Inter-level travel time spent in this place.
 D = Time resting spent in this place.
 E = Time spent auto-exploring this place.
 F = Levels seen in this place.
 G = Mean time per level.
                   A        B        C        D        E       F      G
               +--------+--------+--------+--------+--------+-----+--------+
         Total |   7431 |   6983 |    448 |      0 |   5174 |  12 |  619.2 |
       Dungeon |   7334 |   6921 |    413 |      0 |   5115 |  11 |  666.7 |
        Temple |     96 |     61 |     35 |      0 |     59 |   1 |   96.0 |
               +--------+--------+--------+--------+--------+-----+--------+

Top non-repeatable levels by time:
     D:6: 1235 daAuts
     D:9: 1207 daAuts
    D:10: 981 daAuts
     D:4: 905 daAuts
     D:5: 808 daAuts
     D:7: 687 daAuts
     D:8: 637 daAuts
    D:11: 488 daAuts
     D:3: 308 daAuts
  Temple: 96 daAuts
     D:1: 57 daAuts
     D:2: 15 daAuts
